[Event "*** Titled Tuesday Blitz"]
[Site "Chess.com"]
[Date "2020.10.20"]
[Round "10"]
[White "Manukyan_Artak"]
[Black "YIYUKI"]
[Result "1/2-1/2"]
[WhiteElo "2413"]
[BlackElo "2325"]
[TimeControl "180+1"]
[EndTime "11:59:18 PDT"]
[Termination "Game drawn - insufficient material"]

1. e4 e5 2. Nf3 Nc6 3. d4 exd4 4.
Nxd4 g6 5. Nxc6 bxc6 6. Qd4 Qf6 7. e5 Qe7 8. f4 Bg7 9. Nc3 f6 10. Be3 fxe5 11. fxe5 Qxe5 12. Qxe5+ Bxe5 13. O-O-O d6 14. Bc4 Ne7 15. Rhe1 Rf8 16. Bg5 Rf5 17. h4 Bd7 18.
Ne4 Bf4+ 19. Kb1 Bxg5 20. hxg5 Kd8 21. Bd3 Rb8 22. Rh1 Rf7 23. Nf6 Bf5 24. Rxh7 Rxh7 25.
Nxh7 Bxd3 26. cxd3 Rb5 27. Rf1 Rf5 28. Rxf5 Nxf5 29.
Nf8 Ne7 30. Kc2 c5 31. Kc3 c6 32. a3 Kc7 33. b4 cxb4+ 34. axb4 d5 35. Ne6+ Kd6 36.
Nd4 a6 37. g3 c5 38. bxc5+ Kxc5 39. Ne6+ Kd6 40. Nf4 Nf5 41. Nxg6 Nxg3 42. Nf4 Nf5 43. g6 Ke5 44. Nh5 Ke6 45. Nf4+ Ke5 46. Nh5 Ke6 47. Nf4+ Kd6 48. Nh5 Ke7 49. Nf4 Kd6 50. Nh5 Ke5 51.
g7 Ne7 52. d4+ Ke6 53. Nf4+ Kf7 54. Kb4 Kxg7 55. Kc5 Kf6 56. Nxd5+ Nxd5 57. Kxd5 Ke7 58. Kc5 Kd7 59. Kb6 Kd6 60. Kxa6 Kd5 61. Kb5 Kxd4 1/2-1/2

[Event "*** Titled Tuesday Blitz"]
[Site "Chess.com"]
[Date "2020.10.20"]
[Round "10"]
[White "Kaslask"]
[Black "dopolian"]
[Result "0-1"]
[WhiteElo "2298"]
[BlackElo "2417"]
[TimeControl "180+1"]
[EndTime "11:59:18 PDT"]
[Termination "dopolian won on time"]

1. d4 Nf6 2. c4 c5 3. d5 e6 4.
Nc3 exd5 5. cxd5 d6 6. Nf3 g6 7. Bf4 a6 8. a4 Bg7 9. h3 O-O 10. e3 Re8 11. Be2 Ne4 12. Nxe4 Rxe4 13. Qc2 Rb4 14.
Ra2 Bf5 15. Bd3 Bxd3 16. Qxd3 Rxb2 17. Rxb2 Bxb2 18. Qb3 Bg7 19. Qxb7 Nd7 20. Bxd6 Bc3+ 21. Ke2 Nf6 22. Be7 Qxd5 23. Qxd5 Nxd5 24. Bxc5 Rc8 25.
Bd4 Bxd4 26. Nxd4 Nc3+ 27. Kd3 Nxa4 28. Ra1 Nc5+ 29. Ke2 Rb8 30. Ra2 Rb6 31. Nf3 Ne4 32. Kd3 f5 33. Nd4 Kf7 34. f3 Nc5+ 35. Kc4 Nd7 36.
e4 fxe4 37. fxe4 Ne5+ 38. Kd5 Nd3 39. Kc4 Ne5+ 40. Kd5 Nd3 41. Rd2 Nb2 42. e5 a5 43.
e6+ Ke7 44. Nc6+ Ke8 45. Kc5 Na4+ 46. Kd6 Nc3 47. Kc7 Rxc6+ 48. Kxc6 Ke7 49. Rd7+ Kxe6 50.
Rxh7 a4 51. Ra7 Kf5 52. Kc5 g5 53. Kc4 Ne2 54. Rxa4 Nf4 55. Ra2 g4 56. h4 g3 57.
Kd4 Kg4 58. Ke4 Ng6 59. Ra6 Nxh4 60. Ra8 Nxg2 61. Rg8+ Kh3 62. Kf3 Nh4+ 63. Kf4 g2 0-1

[Event "*** Titled Tuesday Blitz"]
[Site "Chess.com"]
[Date "2020.10.20"]
[Round "10"]
[White "KaterinaMiroshnik"]
[Black "Fins0905"]
[Result "1/2-1/2"]
[WhiteElo "2484"]
[BlackElo "2620"]
[TimeControl "180+1"]
[EndTime "11:59:19 PDT"]
[Termination "Game drawn by repetition"]

1. d3 e5 2. Nd2 d5 3. Ngf3 Bd6 4. e4 c6 5. Be2 Ne7 6. O-O O-O 7. c3 f5 8. Qc2 Nd7 9. b3 Nf6 10. Re1 Ng6 11. Bf1 Qc7 12. a4 fxe4 13. dxe4 Bg4 14. exd5 cxd5 15. h3 Bd7 16. c4 e4 17.
Nd4 Bh2+ 18. Kh1 Be5 19. Bb2 Nh5 20. Re2 Ngf4 21. Re3 Nxh3 22. Nxe4 dxe4 23. gxh3 Rae8 24. Rae1 Nf6 25. Nb5 Bxb5 26. axb5 Bxb2 27. Qxb2 Qf4 28.
Bg2 Re5 29. Qd4 b6 30. Bxe4 Kh8 31. Rf3 Qg5 32. Rg1 Qh5 33. Bc6 Rf5 34. Rfg3 g6 35. b4 Qh6 36. Qe3 Qg7 37. f3 Nh5 38. Rg4 Re5 39. Be4 Nf6 40. Rf4 Rfe8 41. Qd4 R5e6 42.
Re1 h5 43. Rg1 Nxe4 44. Rxe4 Rxe4 45. Qxg7+ Kxg7 46. fxe4 Rxe4 47. Rc1 Kf6 48. c5 bxc5 49. bxc5 Ke7 50. b6 axb6 51. cxb6 Rb4 52. Rc6 Kf7 53. Rc7+ Kf6 54. b7 Kg5 55. Rc5+ Kh6 56. Rc7 h4 57. Kh2 Rb2+ 58. Kg1 Kg5 59. Rc5+ Kf4 60. Rc4+ Kg3 61. Rc3+ Kf4 62. Rc4+ Kg5 63. Rc5+ Kf4 64. Rc4+ 1/2-1/2

[Event "*** Titled Tuesday Blitz"]
[Site "Chess.com"]
[Date "2020.10.20"]
[Round "10"]
[White "ChronicUnhappiness"]
[Black "Khnykin_Nikolay"]
[Result "1/2-1/2"]
[WhiteElo "2246"]
[BlackElo "2061"]
[TimeControl "180+1"]
[EndTime "11:59:20 PDT"]
[Termination "Game drawn by repetition"]

1. d3 e6 2. Nf3 Nf6 3. g3 b6 4. Bg2 Bb7 5. O-O Be7 6. c4 d6 7. Nc3 Nbd7 8. e4 a6 9. Re1 O-O 10. d4 c5 11. d5 Re8 12. dxe6 fxe6 13. Ng5 Bf8 14. Bh3 Ne5 15. Bxe6+ Rxe6 16. Nxe6 Qe7 17.
Nxf8 Rxf8 18. Nd5 Nxd5 19. exd5 Nf3+ 20. Kf1 Qd7 21. Re6 Nxh2+ 22. Kg2 Qxe6 23. Kxh2 Rxf2+ 24. Kg1 Qf5 25. Bf4 Rxb2 26. Qe1 h6 27. Qe6+ Qxe6 28.
dxe6 Re2 29. Rd1 Rxe6 30. Rxd6 Rxd6 31. Bxd6 Be4 32. Kf2 Bd3 33. Bc7 Bxc4 34. Bxb6 Bxa2 35. Bxc5 Kf7 36. Ke3 Ke6 37. Kf4 g6 38. Ke4 Bc4 39.
Be3 g5 40. Bd2 Bd5+ 41. Ke3 Kf5 42. Ba5 Kg4 43. Kf2 h5 44. Bc7 Kh3 45. Kf1 g4 46.
Kf2 Bc6 47. Bd8 Bd5 48. Bh4 a5 49. Ke3 a4 50. Kd3 a3 51. Kc2 a2 52. Kb2 Kg2 53. Ka1 Kf3 54. Kb2 Ke2 55. Ka1 Kd3 56.
Kb2 Kd2 57. Ka1 Kd1 58. Bg5 Kc2 59. Bh4 Bb3 60. Bg5 Bd5 61. Bh4 Kb3 62. Bg5 Be4 63.
Bh4 Bf5 64. Bg5 Bd7 65. Bh4 Be6 66. Bg5 Bd5 67. Bh4 Be4 68. Bg5 Bd3 69. Bh4 Bc4 70. Bg5 Bd5 71. Bh4 Be4 72. Bg5 Bd3 73. Bh4 Be2 74. Bg5 Bf1 75. Bh4 Bg2 76. Bg5 Bf3 77.
Bh4 Bd5 78. Bg5 Be6 79. Bh4 Bf7 80. Bg5 Bg8 81. Bh4 Be6 82. Bg5 Bf5 83. Bh4 Be4 1/2-1/2

[Event "*** Titled Tuesday Blitz"]
[Site "Chess.com"]
[Date "2020.10.20"]
[Round "10"]
[White "VladimirBugayev"]
[Black "PawnEatingZombie"]
[Result "1-0"]
[WhiteElo "2291"]
[BlackElo "2127"]
[TimeControl "180+1"]
[EndTime "11:59:21 PDT"]
[Termination "VladimirBugayev won on time"]

1. e4 c6 2. Nc3 d5 3. Nf3 dxe4 4. Nxe4 Nf6 5. Qe2 Qd5 6. Nxf6+ gxf6 7. Qc4 Be6 8. Qxd5 Bxd5 9. Be2 Nd7 10. d4 e5 11. Be3 O-O-O 12. O-O-O e4 13. Nd2 f5 14. c4 Be6 15. Nb3 Nb6 16. Nd2 Bg7 17. c5 Nd5 18. Nc4 f4 19. Bd2 Bxd4 20. Nd6+ Rxd6 21. cxd6 Bxf2 22. Bc4 e3 23. Be1 Bxe1 24. Rhxe1 Rg8 25. Rg1 Kd7 26. Rdf1 Kxd6 27. Bxd5 Bxd5 28. Rxf4 Ke5 29. Rff1 f5 30. Re1 f4 31. g3 Ke4 32. gxf4 Rxg1 33.
Rxg1 Kxf4 34. Kd1 h5 35. Ke1 a5 36. Rg7 b5 37. Rh7 Bf3 38. Rf7+ Ke4 39. Re7+ Kd3 40.
Rf7 Bg4 41. Re7 e2 42. Rg7 Kc2 43. Re7 Kxb2 44. h3 Bxh3 45. Rxe2+ Ka3 46. Rc2 Bd7 47. Rc5 Kxa2 48. Rxh5 a4 49. Kd2 b4 50. Rh2 b3 51.
Kd3+ Ka3 52. Kc3 Be6 53. Rh1 Ka2 54. Rh2+ Ka3 55. Rh1 b2 56. Rb1 Bb3 57. Rxb2 c5 58. Rb1 Ka2 59. Rb2+ Ka1 60. Rh2 c4 61. Rh1+ Ka2 62.
Rh2+ Ka3 63. Rb2 Ba2 64. Rb4 Bb3 65. Rb8 Ka2 66. Rh8 1-0

[Event "*** Titled Tuesday Blitz"]
[Site "Chess.com"]
[Date "2020.10.20"]
[Round "10"]
[White "TigrVShlyape"]
[Black "tdf98pantani"]
[Result "1-0"]
[WhiteElo "2867"]
[BlackElo "2722"]
[TimeControl "180+1"]
[EndTime "11:59:22 PDT"]
[Termination "TigrVShlyape won by resignation"]

1. d4 Nf6 2. Nf3 d5 3. Bf4 e6 4.
e3 c5 5. c3 Nc6 6. Nbd2 Bd6 7. Bg3 O-O 8. Bd3 b6 9. Qe2 Bb7 10. Rd1 cxd4 11. exd4 Qc7 12. Ne5 Bxe5 13. dxe5 Nd7 14. Nf3 Nc5 15. O-O Nxd3 16. Qxd3 h6 17.
Rfe1 a5 18. Qe3 b5 19. Nd4 b4 20. Bf4 Kh7 21. Qd3+ Kh8 22. Nb5 Qe7 23. Qh3 Kh7 24. Qg4 Ba6 25. Nd4 Nxd4 26. cxd4 Rac8 27. Rd2 Rc7 28. h4 Rfc8 29. h5 Rc2 30. Red1 Rxd2 31.
Rxd2 Rc1+ 32. Kh2 Qc7 33. b3 Ra1 34. Be3 Qc1 35. Kg3 Qb1 36. Qf4 Kg8 37. Qg4 Kh7 38.
Qf4 Qf5 39. Qxf5+ exf5 40. Rc2 Rg1 41. f3 Ra1 42. Rc7 Rxa2 43. Rxf7 a4 44. bxa4 Re2 45. Bc1 b3 46. Ra7 Bc4 47. Rb7 Rc2 48. Ba3 Ra2 49. Bc1 Ra1 50. Bb2 Ra2 51. Bc1 Rxa4 52. e6 Ra6 53. e7 Re6 54. Kf4 Kg8 55. Ba3 Kf7 56. Rb8 Rxe7 57. Bxe7 Kxe7 58. Kxf5 Bd3+ 59. Ke5 Bc4 60.
g4 Kf7 61. Rb7+ Kg8 62. f4 Kh7 63. g5 hxg5 64. fxg5 1-0

[Event "*** Titled Tuesday Blitz"]
[Site "Chess.com"]
[Date "2020.10.20"]
[Round "10"]
[White "Lion-Al-Messi"]
[Black "andresgv36"]
[Result "0-1"]
[WhiteElo "2551"]
[BlackElo "2446"]
[TimeControl "180+1"]
[EndTime "11:59:22 PDT"]
[Termination "andresgv36 won by checkmate"]

1. d4 Nf6 2. Nf3 g6 3. Nc3 d5 4. Bg5 Bg7 5. e3 O-O 6. Bd3 c5 7. O-O cxd4 8. exd4 Nc6 9. Re1 Bg4 10. Be2 e6 11. h3 Bxf3 12. Bxf3 Qb6 13. Ne2 Ne4 14. Bxe4 dxe4 15. Nc3 Qxd4 16. Nxe4 Qxd1 17. Raxd1 Bxb2 18. Rb1 Bg7 19. Rxb7 Rab8 20. Reb1 Rxb7 21. Rxb7 Rb8 22. Rxb8+ Nxb8 23. Kf1 Nc6 24. c4 Kf8 25. Nd6 Be5 26. Nb7 Ke8 27. Ke2 Kd7 28. Kd3 Nb4+ 29. Ke4 Bc7 30. a3 f5+ 31. Kf3 Nc2 32. a4 e5 33. Ke2 e4 34. Kd2 Nd4 35. Kc3 Ne6 36. Be3 Kc6 37. Bxa7 Kxb7 38. Be3 Kc6 39.
g3 g5 40. Bc1 Ba5+ 41. Kc2 h6 42. Be3 Nc5 43. Bd4 Nxa4 44. Bg7 h5 45. g4 hxg4 46.
hxg4 fxg4 47. Bf6 Bb6 48. Kd2 Bxf2 49. Bxg5 Kc5 50. Ke2 g3 51. Be7+ Kxc4 52. Bh4 Nc3+ 53. Kf1 Kd3 54. Kg2 e3 55. Bg5 e2 56. Kh3 e1=Q 57. Kg4 Qe4+ 58. Kh5 Nd5 59. Kh6 Qe2 60. Kg6 Be3 61. Bf6 g2 62. Kf7 g1=Q 63. Ke6 Qgf2 64. Kd7 Qxf6 65. Kc8 Qg7 66. Kb8 Qc7+ 67. Ka8 Qa7# 0-1

[Event "*** Titled Tuesday Blitz"]
[Site "Chess.com"]
[Date "2020.10.20"]
[Round "10"]
[White "Brave_spirit12"]
[Black "aloe_normansen"]
[Result "1-0"]
[WhiteElo "2478"]
[BlackElo "2358"]
[TimeControl "180+1"]
[EndTime "11:59:23 PDT"]
[Termination "Brave_spirit12 won by resignation"]

1. e4 c5 2. c3 d5 3. exd5 Qxd5 4. Nf3 Nf6 5. d3 e5 6. Be2 Nc6 7. O-O Be7 8. Bg5 O-O 9. Nbd2 Bf5 10. Nc4 Bg6 11. Ne3 Qd7 12. a3 Rad8 13. Nc4 Qe6 14. Qe1 b5 15. Ne3 Bxd3 16. Bxd3 Rxd3 17. Qe2 e4 18.
Ne1 Rd7 19. Qxb5 Rb8 20. Qe2 Ne5 21. Bf4 Rbd8 22. Rd1 Rxd1 23. Nxd1 Ng6 24. Bg3 h5 25. h3 h4 26. Bh2 Nd5 27. Ne3 f5 28. N1c2 Nxe3 29. Nxe3 f4 30. Qc4 Kf7 31. Qxe6+ Kxe6 32. Nc4 Kf5 33. Re1 Rd3 34. Kf1 Bg5 35. Bg1 Ne5 36.
Na5 Rd2 37. Nb7 Be7 38. b4 cxb4 39. axb4 Rd3 40. Rc1 f3 41. Bh2 fxg2+ 42. Kxg2 Nf3 43. c4 Rd2 44. c5 Nxh2 45. Kxh2 Rxf2+ 46. Kg1 e3 47. c6 Bd8 48. Nxd8 Rd2 49. c7 e2 50. c8=Q+ Kg6 51.
Qc6+ Kh7 52. Qc3 Rd1+ 53. Kf2 e1=Q+ 54. Qxe1 Rxe1 55. Kxe1 1-0

[Event "*** Titled Tuesday Blitz"]
[Site "Chess.com"]
[Date "2020.10.20"]
[Round "10"]
[White "MokshanovAlexey"]
[Black "ChessWarrior7197"]
[Result "1/2-1/2"]
[WhiteElo "2582"]
[BlackElo "2978"]
[TimeControl "180+1"]
[EndTime "11:59:24 PDT"]
[Termination "Game drawn - insufficient material"]

1. e4 c6 2. d4 d5 3. e5 c5 4. dxc5 e6 5. a3 Bxc5 6. b4 Bb6 7. Nf3 Ne7 8. c4 dxc4 9. Qxd8+ Bxd8 10. Bxc4 Bd7 11.
O-O Bc6 12. Nd4 Bd5 13. Bb5+ Nbc6 14. Nc3 O-O 15. Nxd5 Nxd4 16. Nxe7+ Bxe7 17. Bd3 Rfd8 18. Be3 a5 19. Be4 axb4 20. axb4 Rxa1 21. Rxa1 Bxb4 22.
Bxb7 Nc2 23. Ra8 Rxa8 24. Bxa8 Bc3 25. Be4 Nxe3 26. fxe3 Bxe5 27. g3 g6 28. Bc6 Kg7 29. Kf2 f5 30. h3 h5 31. Kf3 Kf6 32. Be8 Bc7 33. g4 fxg4+ 34. hxg4 h4 35. Kg2 Bb6 36. e4 g5 37. Bc6 Ke5 38. Kh3 Kf4 39. Ba8 e5 40.
Bb7 Bd4 41. Ba8 Be3 42. Bb7 Bd2 43. Ba8 Bc3 44. Bb7 Ke3 45. Ba8 Kd4 46. Bb7 Kc5 47.
Ba8 Kb6 48. Bd5 Kc5 49. Kg2 Kd6 50. Kh3 Kc7 51. Kg2 Kb6 52. Kh3 Bd2 53. Kg2 Bf4 54.
Kh3 Kc5 55. Kg2 Kb4 56. Kh3 Ka5 57. Kg2 Kb6 58. Kh3 Ka6 59. Kg2 Ka7 60. Kh3 Kb8 61. Kg2 Kc7 62. Kh3 Kc8 63. Kg2 Kd8 64. Kh3 Ke7 65. Kg2 Kd6 66. Kh3 Kc5 67. Kg2 Kd4 68. Kh3 Ke3 69. Bc6 Kf3 70. Bd5 Be3 71. Ba8 Bf2 72.
Bb7 Bg1 73. Ba8 Bh2 74. Bb7 Bg3 75. Ba8 Bh2 76. Bb7 Kf4 77. Ba8 Bg1 78. Bb7 Ke3 79.
Ba8 Bh2 80. Kxh2 Kf3 81. Kh3 Kf4 82. Bd5 Kf3 83. Bc6 Kf4 84. Kg2 Kxg4 85. Bd7+ Kf4 86. Kh3 Kxe4 87. Kg4 h3 88. Kxh3 Kf3 89. Bc6+ Kf4 90.
Kg2 g4 91. Bb7 e4 92. Bxe4 Kxe4 93. Kg3 Kf5 94. Kg2 Kg5 95. Kg3 Kh5 96. Kg2 Kh4 97. Kh2 Kg5 98. Kg3 Kf5 99. Kg2 Ke4 100. Kg3 Ke5 101. Kxg4 1/2-1/2

[Event "*** Titled Tuesday Blitz"]
[Site "Chess.com"]
[Date "2020.10.20"]
[Round "10"]
[White "Sokoloco"]
[Black "Vanina1989"]
[Result "1-0"]
[WhiteElo "2508"]
[BlackElo "2633"]
[TimeControl "180+1"]
[EndTime "11:59:24 PDT"]
[Termination "Sokoloco won on time"]

1. b3 e5 2. Bb2 Nc6 3. e3 d6 4. Bb5 Bd7 5. d4 Qg5 6. Nf3 Qxg2 7.
Rg1 Qh3 8. dxe5 O-O-O 9. Nbd2 dxe5 10. Qe2 f6 11. O-O-O Nge7 12. Ne4 Nb4 13. Nc5 c6 14. Bc4 Ned5 15. a3 Bxc5 16. axb4 Nxb4 17. Rg3 Qh6 18.
c3 Nd5 19. Bxd5 cxd5 20. Rxd5 Bb6 21. c4 Bc6 22. Rd2 Rxd2 23. Nxd2 Rd8 24. Qg4+ Rd7 25. Rh3 Qg6 26. Qxg6 hxg6 27. b4 Bd8 28. b5 Bh1 29. Bc3 b6 30. e4 f5 31. Rg3 Bf6 32. f3 Rd3 33. Kc2 Re3 34. exf5 gxf5 35. Rg1 Bxf3 36.
Rg3 Be4+ 37. Nxe4 Rxe4 38. Kb3 Kd7 39. Rh3 Kd6 40. Rh8 Re3 41. Rc8 Kd7 42. Ra8 e4 43.
Rxa7+ Kd6 44. Rb7 Bxc3 45. Rxb6+ Ke5 46. Rg6 Be1+ 47. Ka4 Rc3 48. b6 Rxc4+ 49. Kb5 Rb4+ 50. Kc6 Bf2 51. b7 Ba7 52. Rxg7 Rc4+ 53. Kb5 Rc1 54. Rg8 e3 55. Ra8 e2 56. Re8+ Kd6 57. Rxe2 Rb1+ 58. Ka6 Bb8 59. Re8 Bc7 60. Rc8 1-0

[Event "*** Titled Tuesday Blitz"]
[Site "Chess.com"]
[Date "2020.10.20"]
[Round "10"]
[White "ajdemipopushi"]
[Black "IngOscarArdila"]
[Result "1-0"]
[WhiteElo "2345"]
[BlackElo "2189"]
[TimeControl "180+1"]
[EndTime "11:59:32 PDT"]
[Termination "ajdemipopushi won by resignation"]

1. Nf3 Nf6 2. g3 g6 3. c4 Bg7 4. Bg2 d6 5. d4 O-O 6. O-O Nbd7 7. Nc3 e5 8. e4 exd4 9. Nxd4 Re8 10. Bg5 h6 11.
Be3 Nc5 12. f3 a5 13. Qd2 Kh7 14. Rad1 Bd7 15. Nb3 Ne6 16. Rfe1 Bc6 17. Nd5 a4 18. Nd4 Nxd4 19. Bxd4 Nxd5 20. cxd5 Bd7 21. Rc1 c5 22. dxc6 Bxc6 23. Red1 Re6 24. Bh3 Bxd4+ 25. Qxd4 Re5 26. Qxd6 Qxd6 27. Rxd6 Rb5 28. Rc2 Kg7 29. Bd7 Ra6 30.
Bxc6 Rxc6 31. Rdxc6 bxc6 32. Kf2 Kf8 33. Ke3 Ke7 34.
Kd4 Kd7 35. f4 f6 36. Rd2 Ke6 37. Kc4 h5 38. b4 axb3 39. axb3 g5 40. b4 h4 41. Ra2 hxg3 42. hxg3 gxf4 43. gxf4 Rh5 44. Ra6 Kd6 45. Kd4 Rb5 46. Ra4 Rh5 47. f5 Rh1 48.
Ra6 Rd1+ 49. Ke3 Rb1 50. Ra4 Ke5 51. Ra5+ Kd6 52. Ra8 Rxb4 53. Re8 c5 54. Re6+ Kd7 55. Rxf6 Rd4 56. e5 Rd5 57. Kf4 c4 58. e6+ Ke8 59.
Rh6 c3 60. f6 Kd8 61. Rh8+ Kc7 62. f7 Rd1 63. f8=Q Rf1+ 64. Ke3 Rxf8 65. Rxf8 c2 66. Kd2 Kd6 67. Kxc2 Ke7 68. Rf2 Kxe6 69. Kd3 1-0

[Event "*** Titled Tuesday Blitz"]
[Site "Chess.com"]
[Date "2020.10.20"]
[Round "10"]
[White "Bulldog167"]
[Black "Oleksandr_Bortnyk"]
[Result "0-1"]
[WhiteElo "2756"]
[BlackElo "2888"]
[TimeControl "180+1"]
[EndTime "11:59:33 PDT"]
[Termination "Oleksandr_Bortnyk won on time"]

1. e4 Nf6 2. Nc3 d5 3. exd5 Nxd5 4. Nf3 Nxc3 5. bxc3 g6 6. g3 Bg7 7. Bg2 O-O 8. O-O c5 9. Re1 Nc6 10. Rb1 Qa5 11. a3 Rd8 12. Qe2 Bf5 13. Rxb7 Bxc2 14. Rb5 Qa4 15. Rxc5 Bd3 16. Qe3 Rd6 17. Rxc6 Qxc6 18.
Ne5 Qb5 19. Bxa8 Bxe5 20. a4 Qb3 21. Qxa7 Re6 22. Qb7 Qxa4 23. Qc8+ Kg7 24. Bd5 Rd6 25. c4 Bf6 26. Qc5 Rd8 27. Ba3 e6 28. Bf3 Qxc4 29.
Qxc4 Bxc4 30. Bb4 Rb8 31. Bc3 Bxc3 32. dxc3 Rb3 33. Rc1 Kf6 34. Kg2 Rb2 35. h4 h6 36.
Ra1 g5 37. hxg5+ hxg5 38. Ra4 Bd3 39. Rd4 Ba6 40. Ra4 Bd3 41. Ra7 Rc2 42. Bh5 Be4+ 43. Kf1 Bd3+ 44. Ke1 Bg6 45. Bxg6 Kxg6 46. Rc7 f6 47. g4 f5 48. f3 Kf6 49. Rc5 Rg2 50.
Kf1 Ra2 51. c4 Rc2 52. Ke1 fxg4 53. fxg4 Rg2 54. Rc8 Rxg4 55. Ke2 Ke5 56. Ke3 Rg3+ 57. Kf2 Rc3 58. Rc5+ Kf4 59. Rc8 Rc2+ 60. Kf1 g4 61. c5 e5 62. c6 Kg3 63. Ke1 e4 64. Re8 Rxc6 65. Rxe4 Rf6 66. Ke2 Kh3 0-1

[Event "*** Titled Tuesday Blitz"]
[Site "Chess.com"]
[Date "2020.10.20"]
[Round "10"]
[White "1977Ivan"]
[Black "Ranindu2003"]
[Result "1/2-1/2"]
[WhiteElo "2683"]
[BlackElo "2557"]
[TimeControl "180+1"]
[EndTime "11:59:33 PDT"]
[Termination "Game drawn by stalemate"]

1. c4 e6 2. Nc3 d5 3. d4 a6 4. cxd5 exd5 5. Nf3 Nf6 6. Bg5 Be6 7. e3 Nbd7 8. Bd3 h6 9. Bf4 g5 10. Bg3 Nh5 11.
Qc2 Bg7 12. O-O Nxg3 13. fxg3 O-O 14. e4 dxe4 15. Bxe4 Nb6 16. Rad1 c6 17. Bh7+ Kh8 18. Bf5 Nd5 19. Rfe1 Nxc3 20. bxc3 Bxf5 21. Qxf5 Qd5 22. Ne5 b5 23. Rf1 Kg8 24. Rd2 Bxe5 25. Qxe5 Qxe5 26.
dxe5 Rad8 27. Rfd1 Rxd2 28. Rxd2 Re8 29. Rd6 Rxe5 30. Rxc6 a5 31. Kf2 a4 32. g4 Re4 33. h3 Kg7 34. Kf3 Re1 35. Rb6 Rc1 36. Rc6 b4 37. c4 Rc2 38. Rb6 Rxc4 39. Ke3 Rc3+ 40. Ke4 Rc2 41. Rxb4 Rxa2 42. g3 Ra3 43. h4 Rxg3 44. Kf5 Rf3+ 45. Ke5 gxh4 46. Rxa4 Rg3 47. Kf4 Rg1 48. Ra5 Rf1+ 49. Ke3 Rg1 50. Kf3 Rf1+ 51. Ke3 f5 52. Rxf5 Rxf5 53. gxf5 Kf6 54. Kf3 Kxf5 55.
Kg2 Kg4 56. Kh2 h3 57. Kh1 Kh4 58. Kh2 h5 59. Kh1 Kg3 60. Kg1 Kf3 61. Kh1 Kf4 62.
Kg1 Kg4 63. Kh1 Kf3 64. Kh2 Kg4 65. Kh1 Kg3 66. Kg1 Kf3 67. Kh1 h4 68. Kh2 Kg4 69. Kh1 Kg3 70. Kg1 h2+ 71. Kh1 h3 1/2-1/2

[Event "*** Titled Tuesday Blitz"]
[Site "Chess.com"]
[Date "2020.10.20"]
[Round "10"]
[White "frederiksvane"]
[Black "Shuvalov"]
[Result "1-0"]
[WhiteElo "2651"]
[BlackElo "2478"]
[TimeControl "180+1"]
[EndTime "11:59:34 PDT"]
[Termination "frederiksvane won by resignation"]

1. e4 e6 2. d4 d5 3. Nd2 c5 4. exd5 exd5 5. Ngf3 Nc6 6. Bb5 Bd6 7. dxc5 Bxc5 8. Nb3 Bb6 9. O-O Ne7 10. Re1 O-O 11.
Be3 Bg4 12. c3 Ne5 13. Bxb6 Nxf3+ 14. gxf3 Qxb6 15. fxg4 Ng6 16. Bf1 a5 17. Qd4 Qc7 18. Bg2 a4 19. Nc5 Rac8 20. Nd3 a3 21. bxa3 Qxc3 22. Qxc3 Rxc3 23. Nb4 d4 24. Nd5 Rxa3 25. Ne7+ Kh8 26. Nxg6+ fxg6 27. Bxb7 h6 28. Bg2 g5 29. h3 g6 30. Re7 Rd8 31. Rc1 d3 32. Rcc7 d2 33.
Rh7+ Kg8 34. Rcg7+ Kf8 35. Rf7+ Kg8 36. Rfg7+ Kf8 37. Rh8+ Kxg7 38. Rxd8 Rxa2 39. Bf3 Kf6 40. Kg2 Ke7 41. Rd3 Kf6 42. Bd5 Rb2 43. Bf3 Ke5 44.
Rd5+ Ke6 45. Rd8 Ke7 46. Rd3 Kf6 47. Be2 Ke5 48. Kf3 h5 49. Ke3 h4 50. Rxd2 Rb3+ 51. Rd3 Rb2 52. Bf3 Rb1 53. Rd5+ Kf6 54. Rd6+ Kf7 55.
Bd5+ Kg7 56. Rxg6+ Kh7 57. Rxg5 Rd1 58. Rh5+ Kg6 59. Be4+ Kf6 60. Rh6+ Kg7 61. Rxh4 Ra1 62. Kf4 Ra4 63. Rh7+ Kf6 64. Rh6+ Kg7 65. Rb6 Kf7 66.
f3 Kg7 67. h4 Ra5 68. h5 Kf7 69. g5 Ke7 70. Rb7+ Kd6 71. h6 Ra1 72. h7 Rh1 73. Rb8 Kc7 74. h8=Q Rxh8 75. Rxh8 1-0

[Event "*** Titled Tuesday Blitz"]
[Site "Chess.com"]
[Date "2020.10.20"]
[Round "10"]
[White "WPWPWP-2015"]
[Black "Flawless_Fighter"]
[Result "0-1"]
[WhiteElo "2443"]
[BlackElo "2578"]
[TimeControl "180+1"]
[EndTime "11:59:34 PDT"]
[Termination "Flawless_Fighter won on time"]

1. e4 c6 2. d4 d5 3. Nc3 dxe4 4.
Nxe4 Bf5 5. Ng3 Bg6 6. h4 h6 7. N1e2 Nf6 8. Nf4 Bh7 9. Bc4 e6 10. c3 Bd6 11. Qe2 O-O 12. Be3 Nbd7 13. O-O Qc7 14.
Qf3 e5 15. Nfh5 e4 16. Qe2 Kh8 17. Bb3 Nxh5 18. Nxh5 f5 19. g3 f4 20. Nxf4 Bxf4 21. Bxf4 Rxf4 22. gxf4 Qxf4 23. Qe3 Qxh4 24. Qg3 Qf6 25.
Rae1 Rf8 26. Re3 Qe7 27. Bc2 Rf6 28. Qg2 Re6 29. Rfe1 Nf6 30. c4 Qb4 31. b3 Rd6 32. f3 exf3 33. Qh2 Rxd4 34. Bxh7 Rg4+ 35. Kh1 Rg2 36.
Qh3 Kxh7 37. Qxf3 Rg6 38. Qf5 Qd2 39. Rg1 Ng4 40. Rxg4 Qd1+ 41. Kh2 Qxg4 42. Qxg4 Rxg4 43. Re7 b5 44. c5 Rg5 45. b4 a5 46. bxa5 Rxc5 47. Kg3 Rc2 48. a6 Rxa2 49. a7 Kg6 50. Kf4 Kf6 51. Rc7 Ra6 52. Rxc6+ Rxc6 53. a8=Q Re6 54.
Qb8 Kf7 55. Qb7+ Kf8 56. Qb8+ Kf7 57. Qxb5 Rf6+ 58. Kg4 Kg6 59. Qd3+ Kf7 60. Qd7+ Kf8 61. Kh5 Kg8 62. Qe7 Kh7 63. Qe4+ Kh8 64. Kg4 Kg8 65. Qd5+ Kh7 0-1

[Event "*** Titled Tuesday Blitz"]
[Site "Chess.com"]
[Date "2020.10.20"]
[Round "10"]
[White "cukin84"]
[Black "mshuaau0"]
[Result "1/2-1/2"]
[WhiteElo "2044"]
[BlackElo "2201"]
[TimeControl "180+1"]
[EndTime "11:59:37 PDT"]
[Termination "Game drawn - insufficient material"]

1. e4 e5 2. Nf3 Nc6 3. c3 Nf6 4. d4 exd4 5. e5 Ng8 6. cxd4 Bb4+ 7. Bd2 Bxd2+ 8. Nbxd2 d5 9. Bb5 Ne7 10. O-O O-O 11.
Rc1 a6 12. Ba4 Bg4 13. h3 Bh5 14. Qe1 b5 15. Bd1 Nb4 16. g4 Bg6 17. Rc3 Nxa2 18. Ra3 Nb4 19. Nb3 Nd3 20. Qd2 Nc6 21. Be2 Ndb4 22.
Rc1 Qe8 23. Nc5 h5 24. Nh4 hxg4 25. Bxg4 a5 26. Nd7 Qe7 27. Nxg6 fxg6 28. Nxf8 Rxf8 29.
Rg3 g5 30. Be2 Rf4 31. Bxb5 Nxd4 32. Ba4 Nf3+ 33. Rxf3 Rxf3 34. Kg2 Rf4 35. Rg1 Qxe5 36. Kh1 Qe4+ 37. Kh2 Nd3 38. Bc2 Rxf2+ 39. Qxf2 Nxf2 40. Bxe4 Nxe4 41. Rd1 c6 42. Kg2 Kf7 43. Kf3 Ke6 44. Ra1 Nd2+ 45. Ke2 Nc4 46. Rh1 Nxb2 47. Kd2 Nc4+ 48.
Kc3 a4 49. Re1+ Kd6 50. Rg1 a3 51. Rxg5 a2 52. Rg1 Ke5 53. h4 Kf5 54. h5 c5 55.
Kb3 Ne5 56. Kxa2 Ng4 57. Kb3 Kg5 58. Ka4 Kxh5 59. Kb5 c4 60. Kc5 Ne3 61. Kd4 Nf5+ 62. Kxd5 c3 63. Kc4 c2 64. Kc3 Ne3 65. Kd2 Nf5 66.
Kxc2 g5 67. Rxg5+ Kxg5 1/2-1/2

[Event "*** Titled Tuesday Blitz"]
[Site "Chess.com"]
[Date "2020.10.20"]
[Round "10"]
[White "Maghalashvili"]
[Black "Zhigalko_Sergei"]
[Result "0-1"]
[WhiteElo "2677"]
[BlackElo "2922"]
[TimeControl "180+1"]
[EndTime "11:59:40 PDT"]
[Termination "Zhigalko_Sergei won by resignation"]

1. Nf3 d5 2. g3 c6 3. Bg2 Bg4 4.
O-O Nd7 5. d4 Ngf6 6. c4 e6 7.
b3 Be7 8. Bb2 O-O 9. Nc3 h6 10.
h3 Bf5 11. Nd2 Qa5 12. e4 dxe4 13.
Ndxe4 Ba3 14. Bxa3 Qxa3 15. Qe2 Rfd8 16. Rad1 Qa5 17.
Qb2 Nxe4 18. Nxe4 Bxe4 19. Bxe4 Nf6 20. Bf3 Rd7 21. Rd3 Qf5 22. Rfd1 Qxh3 23. Bg2 Qg4 24.
d5 exd5 25. cxd5 cxd5 26. Bxd5 Nxd5 27. Rxd5 Qxd1+ 28. Rxd1 Rxd1+ 29. Kg2 a6 30. Qe5 Rad8 31. Qe7 R1d7 32. Qe5 Rd2 33. Qe7 R8d7 34. Qe8+ Kh7 35. Qe4+ g6 36. Qe8 Rc7 37. Qf8 Rxa2 38. Qd8 Rac2 39. b4 Rc8 40. Qd7 R2c7 41. Qd6 h5 42. Kh3 Kg7 43. Qe5+ f6 44. Qd6 Rf7 45. Qd3 Rc6 46.
Qd5 Rb6 47. Qc5 Rb5 48. Qc4 Rf5 49. Kg2 Re5 50. Qd4 Rfe7 51. Qd6 R5e6 52. Qc5 b6 53.
Qd5 a5 54. bxa5 Re5 55. Qd6 bxa5 56. f4 Re2+ 57. Kh3 Re1 58. Kg2 R7e2+ 59. Kf3 Re3+ 60. Kf2 R1e2+ 61. Kf1 Re7 62. Qc5 a4 63. Qb4 a3 64.
Qxa3 Re1+ 65. Kf2 R7e2+ 66. Kf3 Re3+ 67. Qxe3 Rxe3+ 68. Kxe3 Kf7 69. Kd4 Ke7 70. Kd5 Kd7 71. Kd4 Kd6 72. Ke4 Kc5 73. Kd3 Kd5 74. Ke3 Kc6 75.
Ke4 Kc5 76. Ke3 f5 77. Ke2 Kc4 78. Kf2 Kd4 79. Ke2 Ke4 80. Kf2 h4 81. gxh4 Kxf4 0-1